 Dungeon Crawl Stone Soup version 0.25-a0-413-g3b4b6a4ccc (webtiles) character file.

Game seed: 11300150108472154172, levelgen mode: deterministic

6314 Napalmbreeze the Carver (level 11, -9/90 HPs)
             Began as a Formicid Fighter on Jan 14, 2020.
             Was a Follower of Nemelex Xobeh.
             Mangled by a two-headed ogre
             ... wielding a +0 giant club
              (28 damage)
             ... on level 8 of the Dungeon.
             The game lasted 00:30:11 (12481 turns).

Napalmbreeze the Carver (Formicid Fighter)         Turns: 12481, Time: 00:30:12

Health: -9/90      AC:  7    Str: 24    XL:     11   Next: 16%
Magic:  15/15      EV: 10    Int:  8    God:    Nemelex Xobeh [*.....]
Gold:   299        SH: 12    Dex: 10    Spells: 10/10 levels left

rFire    . . .     SeeInvis +   E - +5 great sword (curse)
rCold    . . .     Gourm    .   c - +1 shield
rNeg     . . .     Faith    .   b - +0 scale mail
rPois    +         Spirit   .   (helmet unavailable)
rElec    .         Reflect  .   (no cloak)
rCorr    +         Harm     .   (no gloves)
MR       +....                  (no boots)
Stlth    ..........             (no amulet)
HPRegen  0.25/turn              p - ring of resist corrosion
MPRegen  0.14/turn              z - ring of poison resistance

@: no status effects
A: permanent stasis, dig shafts and tunnels, four strong arms, antennae 3
a: Dig, Shaft Self, Draw Escape, Draw Destruction, Draw Summoning, Renounce
Religion


You were on level 8 of the Dungeon.
You worshipped Nemelex Xobeh.
Nemelex Xobeh was aware of your devotion.
You were hungry.

You visited 1 branch of the dungeon, and saw 8 of its levels.
You also visited: Sewer.

You collected 299 gold pieces.

Inventory:

Hand Weapons
 a - a +0 long sword
 E - a cursed +5 great sword (weapon)
Missiles
 t - 7 throwing nets (quivered)
Armour
 b - a +0 scale mail (worn)
 c - a +1 shield (worn)
Jewellery
 p - a ring of resist corrosion (left hand)
 z - a ring of poison resistance (right hand)
Wands
 k - a wand of polymorph (5)
 u - a wand of acid (1)
Scrolls
 g - 3 scrolls of enchant weapon
 i - 2 scrolls of fear
 j - 2 scrolls of fog
 o - 4 scrolls of amnesia
 w - 2 scrolls of magic mapping {unknown}
 y - 2 scrolls of enchant armour
 B - a scroll of remove curse
 C - a scroll of identify
Potions
 d - 2 potions of might
 e - 2 potions of lignification {unknown}
 h - 3 potions of mutation {unknown}
 l - a potion of magic {unknown}
 m - 2 potions of flight {unknown}
 n - 2 potions of heal wounds
 q - 3 potions of ambrosia {unknown}
 s - a potion of cancellation {unknown}
 v - a potion of brilliance {unknown}
 x - a potion of berserk rage {unknown}
 A - 2 potions of curing {unknown}
Comestibles
 f - 6 rations


   Skills:
 - Level 10.0 Fighting
 + Level 10.2 Long Blades
 - Level 6.0 Armour
 - Level 9.0 Shields
 - Level 5.5 Invocations


You had 10 spell levels left.
You didn't know any spells.
Your spell library was empty.

Dungeon Overview and Level Annotations

Branches:
Dungeon (8/15)             Temple (0/1) D:6            Lair (0/6) D:8
  Sewer (visited)

Altars:
Elyvilon
Makhleb
Nemelex Xobeh
Sif Muna
Uskayaw
Wu Jian
Yredelemnul
Zin
The Shining One

Shops:
D:4 =   D:5 (


Innate Abilities, Weirdness & Mutations

You cannot be hasted, slowed, berserked, paralysed or teleported.
You can dig through walls and to a lower floor.
Your four strong arms can wield two-handed weapons with a shield.
You have a pair of large antennae on your head. (SInv)


Message History

Unknown command.
You completely miss the two-headed ogre.
The two-headed ogre is heavily wounded.
The two-headed ogre hits you with a +0 giant club!!
* * * LOW HITPOINT WARNING * * *
You block the two-headed ogre's attack.
Unknown command.
You slash the two-headed ogre!
The two-headed ogre is severely wounded.
The two-headed ogre hits you with a +0 giant club!
* * * LOW HITPOINT WARNING * * *
You block the two-headed ogre's attack.
Unknown command.
Unknown command.
You closely miss the two-headed ogre.
The two-headed ogre is severely wounded.
You block the two-headed ogre's attack.
The two-headed ogre hits you with a +0 giant spiked club!!
You die...
Your body disappears without a glow.

..... #.###.# ##.#.# #
.....
#...##.###.####....###
......... ............'
###...#...#######....###
##. #...# ##.#.# # #..
###.# #.# ..# #+# #.#
### #.# #@# #.# #O#
##.## #o# ##...## #.#
#.....###### #รท#
...........# #(#
###.######.#####(# #.#
#.(....().# . #.#
#(#######.# ##


You could see a two-headed ogre and an orc.

Vanquished Creatures
  Harold (D:8)
  A two-headed ogre (D:8)
  An elephant (D:8)
  2 hippogriffs (D:8)
  A hornet (D:8)
  2 basilisks (D:8)
  A water moccasin (D:6)
  Purgy (Sewer)
  An orc warrior (D:6)
  2 phantoms (D:7)
  8 centaurs
  4 ogres
  6 bullfrogs
  4 scorpions
  A howler monkey (D:4)
  4 wights (D:7)
  2 crimson imps
  2 hounds
  A centaur skeleton (D:4)
  6 orc priests
  4 gnoll shamans (D:5)
  2 iguanas (D:5)
  5 orc wizards
  3 worker ants
  A hound skeleton (D:7)
  A howler monkey zombie (D:7)
  48 gnolls
  12 adders
  A shadow imp (D:5)
  3 oozes
  2 adder zombies (D:5)
  An adder skeleton (D:6)
  4 worms
  3 dart slugs
  6 leopard geckos
  41 orcs
  5 giant cockroaches (D:4)
  7 goblins
  4 hobgoblins (D:1)
  28 jackals
  4 quokkas
  6 ball pythons
  A ball python skeleton (D:4)
  A ball python zombie (D:5)
  9 bats
  8 frilled lizards
  A giant cockroach zombie (D:5)
  10 kobolds
  A quokka zombie (D:6)
  8 rats
281 creatures vanquished.

Vanquished Creatures (collateral kills)
  A hound (D:5)
  3 gnolls (D:5)
4 creatures vanquished.

Grand Total: 285 creatures vanquished

Notes
Turn   | Place    | Note
-------+----------+-------------------------------------------
     0 | D:1      | Napalmbreeze the Formicid Fighter began the quest for the
                  | Orb.
     0 | D:1      | Reached XP level 1. HP: 18/18 MP: 1/1
   126 | D:1      | Reached XP level 2. HP: 24/24 MP: 2/2
   345 | D:1      | Reached XP level 3. HP: 30/30 MP: 3/3
   918 | D:2      | Reached XP level 4. HP: 24/37 MP: 4/4
  2115 | D:3      | HP: 1/38 [orc priest/divine providence (16)]
  2423 | D:3      | Reached XP level 5. HP: 41/43 MP: 5/5
  2886 | D:3      | Reached skill level 5 in Fighting
  3116 | D:3      | Reached XP level 6. HP: 50/51 MP: 6/6
  3830 | D:4      | Noticed an ogre
  3834 | D:4      | Killed an ogre
  3834 | D:4      | Reached skill level 5 in Shields
  3837 | D:4      | Reached XP level 7. HP: 57/57 MP: 7/7
  3950 | D:4      | Found a glowing drain.
  3995 | Sewer    | Entered a sewer
  4027 | Sewer    | Noticed Purgy
  4042 | Sewer    | Killed Purgy
  4457 | D:4      | Reached skill level 5 in Armour
  4641 | D:4      | Reached XP level 8. HP: 54/65 MP: 8/8
  4697 | D:4      | Found Zompuwei's Jewellery Emporium.
  4773 | D:4      | Found a burning altar of Makhleb.
  4776 | D:4      | Found a shimmering blue altar of Sif Muna.
  5162 | D:5      | Entered Level 5 of the Dungeon
  5478 | D:5      | Found a hide-covered altar of Uskayaw.
  5478 | D:5      | Noticed a +0 dagger
  5478 | D:5      | Noticed a +0 dagger
  6130 | D:5      | Found a sparkling altar of Nemelex Xobeh.
  6130 | D:5      | Found a glowing golden altar of the Shining One.
  6185 | D:5      | Found Joloagg's Weapon Emporium.
  6188 | D:5      | Became a worshipper of Nemelex Xobeh the Trickster
  6314 | D:5      | Received a gift from Nemelex Xobeh
  6372 | D:5      | Reached skill level 5 in Long Blades
  6889 | D:5      | Found a glowing silver altar of Zin.
  6985 | D:5      | Reached XP level 9. HP: 66/74 MP: 9/9
  7971 | D:5      | Reached skill level 1 in Invocations
  8563 | D:5      | Found Joloagg's Weapon Emporium.
  9118 | D:5      | Found a hide-covered altar of Uskayaw.
  9184 | D:5      | Found a glowing silver altar of Zin.
  9300 | D:6      | Found a white marble altar of Elyvilon.
 10131 | D:6      | Found a staircase to the Ecumenical Temple.
 10308 | D:7      | Noticed a hippogriff
 10572 | D:7      | Received a gift from Nemelex Xobeh
 10692 | D:7      | Reached XP level 10. HP: 78/84 MP: 12/12
 10694 | D:7      | Found an ornate altar of the Wu Jian Council.
 11174 | D:7      | Reached skill level 10 in Fighting
 11691 | D:7      | Reached * piety under Nemelex Xobeh
 11850 | D:8      | Noticed a two-headed ogre
 11858 | D:8      | Killed a two-headed ogre
 11858 | D:8      | Reached skill level 5 in Invocations
 11987 | D:8      | Found a basalt altar of Yredelemnul.
 12054 | D:8      | Noticed Harold
 12060 | D:8      | Killed Harold
 12187 | D:8      | Noticed an elephant
 12225 | D:8      | Reached XP level 11. HP: 71/90 MP: 15/15
 12234 | D:8      | Killed an elephant
 12426 | D:8      | Found a staircase to the Lair.
 12428 | D:8      | Reached skill level 10 in Long Blades
 12445 | D:8      | Noticed a two-headed ogre
 12481 | D:8      | Mangled by a two-headed ogre

Levels and vault maps discovered:
D:1:      lemuel_arrival_funnel, layout_loops_ring
D:2:      layout_basic, st_stairs_10, kennysheep_another_room
D:3:      layout_loops_ring
D:4:      layout_basic, nicolae_overflow_hidden_temple, portal_sewer_entry_b,
          serial_shops, shop
D:5:      lemuel_castle_with_subvaults [lemuel_castle_interior_carwin_1],
          layout_loops_ring, zin_scriptorium, dancing_weapons_uskayaw,
          chequers_temple_overflow_statue_of_worship, first_ration,
          serial_shops, shop
D:6:      layout_cave_pools, kennysheep_mini_moat, minmay_temple_entry_trees
D:7:      layout_basic, lemuel_coloured_pillars_altar
D:8:      layout_loops_corners, old_standard_altar, overflow_temple_1_default,
          kennysheep_mini, david_lair_generic,
          lightli_ossuary_entry_decrepit_ruins, uniq_harold

Skill      XL: |  1  2  3  4  5  6  7  8  9 10 11 |
---------------+----------------------------------+-----
Shields        | 4 5 6 7 9 |  9.0
Fighting       | 4 5 6 7 9 10 | 10.0
Armour         | 4 5 6 |  6.0
Long Blades    | 3 4 5 6 9 10 | 10.2
Invocations    | 3 5 |  5.5

Action                   |  1- 3 |  4- 6 |  7- 9 | 10-12 || total
-------------------------+-------+-------+-------+-------++-------
Melee: Long sword        |   130 |   211 |   739 |    82 ||  1162
       Great sword       |       |       |       |    88 ||    88
 Abil: Dig               |       |       |     2 |     3 ||     5
       Draw Destruction  |       |       |     3 |     4 ||     7
       Draw Summoning    |       |       |     2 |       ||     2
Evoke: Wand              |       |       |       |     3 ||     3
  Use: Scroll            |       |     8 |       |     1 ||     9
       Potion            |       |       |     1 |     1 ||     2
  Eat: Chunk             |       |    10 |    18 |     5 ||    33
       Ration            |       |       |     2 |       ||     2
Armor: Scale mail        |    58 |    76 |   187 |    28 ||   349
Dodge: Dodged            |    41 |    62 |   185 |    48 ||   336
Block: Shield            |    74 |   119 |   434 |   104 ||   731
       Rpst.: Long sword |    13 |    18 |    47 |    10 ||    88
       Great sword       |       |       |       |     9 ||     9

Table legend:
 A = Non-vault XP
 B = Vault XP
 C = Vault XP percentage of total XP
 D = Non-vault monster count
 E = Vault monster count
 F = Vault count percentage of total count
                 A         B        C        D         E       F
            +---------+---------+-------+---------+---------+-------
      Total |    5884 |    3136 |  34.8 |     209 |      76 |  26.7
            +---------+---------+-------+---------+---------+-------
        D:1 |      65 |       0 |   0.0 |      33 |       0 |   0.0
        D:2 |     145 |      19 |  11.6 |      24 |       3 |  11.1
        D:3 |     173 |       0 |   0.0 |      25 |       0 |   0.0
        D:4 |     578 |      13 |   2.2 |      35 |       6 |  14.6
        D:5 |     713 |     822 |  53.6 |      34 |      55 |  61.8
        D:6 |     878 |       0 |   0.0 |      16 |       0 |   0.0
        D:7 |    1214 |       0 |   0.0 |      31 |       0 |   0.0
        D:8 |    2118 |    2142 |  50.3 |      11 |       5 |  31.2
      Sewer |       0 |     140 | 100.0 |       0 |       7 | 100.0
            +---------+---------+-------+---------+---------+-------
